AoeStats
← SantooKhan

Arabia

509882949Analyzed
1v1 RM · 5d ago on Sep 28, 2026· 44m 35s· 2 players
Game mode
Random Map
Map size
Tiny (2 player)
Population
200
Speed
Normal
Resources
Standard
Victory
Conquest
Starting age
Dark Age
Ending age
Imperial Age
RankedLock teamsTeams togetherTeam positionsShared explorationLock speedFull tech treeHidden civsTurbo modeCheats
Victory
Defeat
🇻🇳 Italians · Vietnam
1186
+15
🇺🇾 Mongols · Uruguay
1163
-15
SantooKhan
11:36 Feudal Age
11:42 Feudal Age
12:04 Loom
18:51 Castle Age
17:58 Fletching
19:12 Double-Bit Axe
19:49 Town Watch
23:15 Wheelbarrow
28:28 Bodkin Arrow
28:34 Padded Archer Armor
32:48 Padded Archer Armor
34:16 Town Patrol
40:47 Imperial Age
44:17 Hand Cart
MemeManVai
6:24 Loom
9:18 Feudal Age
10:18 Double-Bit Axe
19:15 Castle Age
17:20 Fletching
17:30 Padded Archer Armor
19:24 Crossbowman
21:31 Wheelbarrow
21:07 Gold Mining
23:53 Bow Saw
24:54 Town Watch
25:33 Horse Collar
27:14 Bodkin Arrow
29:30 Thumb Ring
30:05 Husbandry
30:27 Bloodlines
30:35 Scale Barding Armor
30:49 Stone Mining
30:44 Light Cavalry
32:32 Leather Archer Armor
38:21 Imperial Age
36:41 Forging
36:53 Chain Barding Armor
36:44 Forging
40:43 Chemistry
40:56 Bracer
Connection lost

Rejoining the realm…

Still unreachable

The connection could not be restored.

Session expired

The server has moved on; the page needs a fresh start.